 Dungeon Crawl Stone Soup version 0.29.1-15-g9cfb28693d (webtiles) character file.

Game seed: 5647731828402826911

2437 Libra00 the Grappler (level 9, -11/89 HPs)
             Began as a Troll Fighter on June 5, 2023.
             Mangled by a two-headed ogre
             ... wielding a +0 giant club
              (22 damage)
             ... on level 7 of the Dungeon.
             The game lasted 00:13:35 (4806 turns).

Libra00 the Grappler (Troll Fighter)                Turns: 4806, Time: 00:13:35

Health: -11/89     AC:  8    Str: 30    XL:     9   Next: 25%
Magic:  8/8        EV:  9    Int:  4    God:
Gold:   312        SH:  8    Dex:  9    Spells: 8/8 levels left

rFire   . . .      SeeInvis .     - Unarmed
rCold   . . .      Faith    .   b - +0 kite shield
rNeg    . . .      Spirit   .   a - +0 robe
rPois   .          Reflect  .   (helmet restricted)
rElec   .          Harm     .   (no cloak)
rCorr   .          Rampage  .   (gloves unavailable)
Will    .....                   (boots unavailable)
Stlth   +.........              (no amulet)
HPRegen 1.04/turn               k - ring of wizardry
MPRegen 0.11/turn               y - +4 ring of protection

@: no status effects
A: large, unfitting armour, claws 3, regeneration 1, shaggy fur 1, tough skin 1
a: no special abilities


You were on level 7 of the Dungeon.
You visited 1 branch of the dungeon, and saw 7 of its levels.

You collected 312 gold pieces.

Inventory:

Hand Weapons
 A - a +2 whip of pain
Armour
 a - a +0 robe (worn)
 b - a +0 kite shield (worn)
Magical Staves
 o - a staff of air
 D - a staff of cold
Jewellery
 k - a ring of wizardry (left claw)
 y - a +4 ring of protection (right claw)
Wands
 u - a wand of mindburst (10)
 w - a wand of paralysis (17)
 x - a wand of flame (22)
Scrolls
 g - 2 scrolls of fog {unknown}
 i - 6 scrolls of identify {unknown}
 j - 2 scrolls of summoning {unknown}
 l - a scroll of acquirement {unknown}
 m - 3 scrolls of enchant armour {unknown}
 n - a scroll of torment {unknown}
 p - a scroll of vulnerability {unknown}
 q - a scroll of poison {unknown}
 r - a scroll of amnesia {unknown}
 s - a scroll of magic mapping {unknown}
 z - 2 scrolls of immolation {unknown}
 C - 2 scrolls of teleportation {unknown}
Potions
 c - a potion of might
 d - 3 potions of degeneration {unknown}
 e - 3 potions of flight {unknown}
 f - a potion of cancellation {unknown}
 h - a potion of curing {unknown}
 t - 2 potions of lignification {unknown}
 v - a potion of ambrosia {unknown}
 B - a potion of attraction {unknown}
 E - a potion of mutation {unknown}


   Skills:
 + Level 5.7 Fighting
 + Level 2.9 Dodging
 + Level 6.2 Shields
 * Level 9.0 Unarmed Combat


You had 8 spell levels left.
You didn't know any spells.
Your spell library contained the following spells:

 Spells                   Type           Power      Damage    Failure   Level
 Summon Small Mammal      Summ           0%         N/A       43%         1
 Call Canine Familiar     Summ           0%         N/A       78%         3
 Summon Guardian Golem    Hex/Summ       0%         N/A       78%         3


Dungeon Overview and Level Annotations

Branches:
Dungeon (7/15)
 Temple: D:4-7

Altars:
Fedhas
Hepliaklqana
Makhleb
Okawaru
Ru

Annotations:
D:7 exclusion: ice statue


Innate Abilities, Weirdness & Mutations

You are too large for most types of armour.
You have claws for hands.
Your natural rate of healing is unusually fast.
You are covered in fur. (AC +1)
You have tough skin. (AC +1)


Message History

You claw something! The black bear barely misses you.
You block the black bear's attack. The black bear barely misses you.
Something hits you but does no damage.
You miss something. You block the black bear's attack.
The black bear barely misses you.
The black bear claws you but does no damage.
Something hits you. Something shocks you.
A scorpion comes into view.
You barely miss something. You block the black bear's attack.
The black bear claws you but does no damage. x2
Something hits you. Something shocks you. The orc attacks as you move away!
The orc hits you with a +0 flail.
A sky beast appears from thin air!
Reactivating autopickup.
Things that are here:
a +0 shortbow; a centaur corpse The black bear attacks as you move away!
The black bear closely misses you. The black bear claws you.
You block the black bear's attack.
You closely miss the black bear.
The black bear is heavily wounded.
The black bear bites you but does no damage.
You block the black bear's attack.
The black bear claws you but does no damage.
You mangle the black bear!!
You kill the black bear!
You mangle the sky beast!!
You kill the sky beast!
Your Unarmed Combat skill increases to level 9!
Things that are here:
a +0 shortbow; a centaur corpse You barely miss the two-headed ogre.
The two-headed ogre hits you with a +0 giant club!!
The two-headed ogre barely misses you.
You mangle the two-headed ogre!!
The two-headed ogre is moderately wounded.
The two-headed ogre hits you with a +0 giant club!
* * * LOW HITPOINT WARNING * * *
The two-headed ogre hits you with a +0 giant club!!
You die...

.......... .. .... s...
.. ........ ... .o.
#...o# ##.#.# ##.ยง)O#
##.oo##################
#...oO@................
#.###################..
.. ###.# ... #...# ##
#####


You could see a two-headed ogre and 3 orcs.

Vanquished Creatures
  Pikel (D:5)
  Prince Ribbit (D:5)
  Sigmund (D:5)
  Eustachio (D:5)
  Edmund (D:5)
  A water moccasin (D:3)
  Duvessa (D:5)
  An orc warrior (D:6)
  An ice beast (D:5)
  A black bear (D:7)
  A sky beast (D:7)
  A centaur (D:7)
  An ogre (D:5)
  A lemure (D:5)
  3 necrophages
  Dowan (D:6)
  3 hounds
  A jelly (D:3)
  2 orc priests
  Ijyb (D:5)
  2 orc wizards (D:4)
  3 gnolls (D:2)
  6 adders
  A shadow imp (D:6)
  A white imp (D:6)
  3 dart slugs
  18 orcs
  A ball python (D:1)
  8 endoplasms
  3 giant cockroaches
  4 goblins
  6 hobgoblins
  7 jackals
  3 quokkas
  2 bats
  2 frilled lizards (D:2)
  15 kobolds
  4 rats
114 creatures vanquished.

Notes
Turn   | Place    | Note
-------+----------+-------------------------------------------
     0 | D:1      | Libra00 the Troll Fighter began the quest for the Orb.
     0 | D:1      | Reached XP level 1. HP: 22/22 MP: 0/0
   191 | D:1      | Reached XP level 2. HP: 23/29 MP: 1/1
   455 | D:1      | Found a faded altar of an unknown god.
   813 | D:2      | Reached XP level 3. HP: 32/36 MP: 2/2
  1009 | D:2      | Reached skill level 3 in Unarmed Combat
  1369 | D:2      | Reached XP level 4. HP: 39/44 MP: 3/3
  1770 | D:3      | Found a blossoming altar of Fedhas.
  1822 | D:3      | Found a hazy altar of Hepliaklqana.
  1860 | D:3      | Noticed a necrophage
  1869 | D:3      | Killed a necrophage
  1870 | D:3      | Reached skill level 4 in Unarmed Combat
  1870 | D:3      | Reached XP level 5. HP: 45/53 MP: 4/4
  1923 | D:3      | Noticed a water moccasin
  1939 | D:3      | Killed a water moccasin
  1940 | D:3      | Reached XP level 6. HP: 15/61 MP: 5/5
  2099 | D:3      | Found a burning altar of Makhleb.
  2231 | D:4      | Reached skill level 5 in Unarmed Combat
  2232 | D:4      | Found an iron altar of Okawaru.
  2761 | D:5      | Entered Level 5 of the Dungeon
  2769 | D:5      | Reached XP level 7. HP: 63/68 MP: 6/6
  2874 | D:5      | Noticed Sigmund
  2878 | D:5      | Killed Sigmund
  2879 | D:5      | Reached skill level 6 in Unarmed Combat
  3039 | D:5      | Noticed Prince Ribbit
  3052 | D:5      | Killed Prince Ribbit
  3053 | D:5      | Reached skill level 5 in Shields
  3105 | D:5      | Noticed Ijyb
  3220 | D:5      | Killed Ijyb
  3221 | D:5      | Reached XP level 8. HP: 73/79 MP: 7/7
  3285 | D:5      | Noticed Edmund
  3395 | D:5      | Noticed Eustachio
  3413 | D:5      | Killed Edmund
  3414 | D:5      | Reached skill level 7 in Unarmed Combat
  3416 | D:5      | Killed Eustachio
  3548 | D:5      | Noticed Dowan
  3548 | D:5      | Noticed Pikel
  3549 | D:5      | Noticed Duvessa
  3560 | D:5      | Killed Pikel
  3561 | D:5      | Reached skill level 5 in Fighting
  3561 | D:5      | Reached skill level 8 in Unarmed Combat
  3575 | D:5      | Killed Duvessa
  4038 | D:6      | Found a sacrificial altar of Ru.
  4051 | D:6      | Killed Dowan
  4052 | D:6      | Reached XP level 9. HP: 82/88 MP: 8/8
  4736 | D:7      | Noticed an ice statue
  4790 | D:7      | Noticed a two-headed ogre
  4804 | D:7      | Reached skill level 9 in Unarmed Combat
  4806 | D:7      | Mangled by a two-headed ogre

Illustrated notes

Levels and vault maps discovered:
D:1:      dpeg_arrival_fog, layout_loops_ring,
          shapermc_ecumenical_altar_mp_highgroup
D:2:      layout_loops_corners
D:3:      layout_rooms, mainiacjoe_overflow_cross_hatched,
          amethyst_overflow_temple_binary
D:4:      layout_basic, general_overflow_altar, minmay_statues_item
D:5:      layout_loops_cross, minmay_misc_feat_chi, uniq_eustachio, uniq_ijyb,
          uniq_edmund, uniq_duvessa, uniq_sigmund, uniq_pikel,
          uniq_prince_ribbit1
D:6:      layout_basic, nicolae_ru_awakened_eye, st_stairs_4, centaur_isle
D:7:      lemuel_ice_statue, layout_rooms, minmay_temple_entry_tees, uniq_joseph

Skill      XL: |  1  2  3  4  5  6  7  8  9 |
---------------+----------------------------+-----
Shields        | 3 4 5 6 |  6.2
Unarmed Combat | 3 4 5 6 8 9 |  9.0
Fighting       | 3 4 5 |  5.7
Dodging        | |  2.9

Action                   |  1- 3 |  4- 6 |  7- 9 || total
-------------------------+-------+-------+-------++-------
Melee: Unarmed           |    83 |   139 |   127 ||   349
  Use: Potion            |       |       |     1 ||     1
 Stab: Sleeping          |       |     1 |       ||     1
Armor: Robe              |    17 |    41 |    36 ||    94
Dodge: Dodged            |    18 |    38 |    44 ||   100
Block: Kite shield       |    26 |    40 |    57 ||   123
